 Dungeon Crawl Stone Soup version 0.18.1-48-g4cf74bf (webtiles) character file.

114 Heedrag the Conjurer (level 4, 0/24 HPs)
             Began as a Deep Elf Conjurer on Aug 10, 2016.
             Slain by an orc wizard
             ... wielding a +0 dagger
              (3 damage)
             ... on level 2 of the Dungeon.
             The game lasted 00:04:03 (1468 turns).

Heedrag the Conjurer (Deep Elf Conjurer)            Turns: 1468, Time: 00:04:04

Health: 0/24       AC:  2    Str:  6    XL:     4   Next: 66%
Magic:  1/12       EV: 14    Int: 20    God:
Gold:   71         SH:  0    Dex: 15    Spells: 3 memorised, 3 levels left

rFire  . . .     SeeInvis .     j - +0 spear
rCold  + . .     Gourm    .     a - +0 robe
rNeg   . . .     Faith    .     (no shield)
rPois  .         Spirit   .     (no helmet)
rElec  .         Dismiss  .     (no cloak)
rCorr  .         Reflect  .     (no gloves)
SustAt .         Harm     .     (no boots)
MR     .....                    (no amulet)
Stlth  ++........               (no ring)
                                h - ring of protection from cold

@: slowed, very slow, not resistant to hostile enchantments, unstealthy
A: no striking features
a: no special abilities


You were on level 2 of the Dungeon.
You were hungry.

You visited 1 branch of the dungeon, and saw 3 of its levels.

You collected 71 gold pieces.

Inventory:

Hand Weapons
 j - a +0 spear (weapon)
Armour
 a - a +0 robe (worn)
Jewellery
 h - a ring of protection from cold (left hand)
Scrolls
 d - a scroll of immolation {unknown}
 e - a scroll of identify {unknown}
 f - a scroll of teleportation {unknown}
 k - a scroll of fog {unknown}
 l - a scroll of recharging {unknown}
 n - a scroll of enchant armour {unknown}
Potions
 g - a potion of resistance {unknown}
Books
 b - a book of Conjurations

   Spells                             Type                      Level
   a - Magic Dart                     Conjuration                  1
   b - Searing Ray                    Conjuration                  2
   c - Dazzling Spray                 Conjuration/Hexes            3
   d - Fulminant Prism                Conjuration/Hexes            4
   e - Iskenderun's Mystic Blast      Conjuration                  4
   f - Iskenderun's Battlesphere      Conjuration/Charms           5
Comestibles
 c - a bread ration
 i - a beef jerky
 m - 2 chunks of flesh


   Skills:
 + Level 3.9 Dodging
 + Level 3.4 Stealth
 + Level 4.3 Spellcasting
 + Level 5.0 Conjurations


You had 3 spell levels left.
You knew the following spells:

 Your Spells              Type           Power        Failure   Level  Hunger
a - Magic Dart            Conj           ###.         1%          1    None
b - Dazzling Spray        Conj/Hex       ##....       14%         3    ###....
c - Iskenderun's Mystic   Conj           ###.....     17%         4    ####...


Dungeon Overview and Level Annotations

Branches:
Dungeon (3/15)

Altars:

Annotations:
D:2 Sigmund, Terence


Message History

Evoke which item? (* ta show all) (? fer menu, 'sc ta quit) Okay, than.
Castin': Magic Dart Confirm wit' . or Enter, or press ? or * ta list all spells.
Aimin': Magic Dart
Press: ? - help, Shift-Dir - straight line, f/p - orc wizard
Aim: an orc wizard, wieldin' a dagger an' wearin' a robe (moderately wounded) Tha magic dart hits tha orc wizard.
Tha orc wizard be heavily wounded.
Tha orc wizard hits ye but does nay damage.
Ye barely miss tha orc wizard.
Tha orc wizard be heavily wounded.
Tha orc wizard hits ye but does nay damage. x2
Ye hit tha orc wizard but do nay damage.
Tha orc wizard be heavily wounded.
Tha orc wizard misses ye.
Tha orc wizard completely misses ye.
Ye barely miss tha orc wizard.
Tha orc wizard be heavily wounded.
Tha orc wizard hits ye wit' a dagger.
Ye die...

......# .....#
#....# . #....#
.. ######....#
... #.........#
....
.........#.....
......o@.......
#####..........
####.......... #
###..........##.
# #.....########
.
#....รท#########
.
#.....(.......#..
#.....(.......'.
#............)#
...#


You could see an orc wizard.

Vanquished Creatures
  Ijyb (D:2)
  Natasha (D:3)
  A worm (D:3)
  2 dart slugs
  3 giant geckos
  3 orcs (D:3)
  7 bats
  A giant cockroach (D:2)
  7 goblins
  7 hobgoblins
  4 jackals (D:2)
  2 kobolds (D:1)
  4 giant newts (D:1)
  5 rats
48 creatures vanquished.

Notes
Turn   | Place    | Note
--------------------------------------------------------------
     0 | D:1      | Heedrag the Deep Elf Conjurer began the quest for the Orb.
     0 | D:1      | Reached XP level 1. HP: 10/10 MP: 6/6
   242 | D:1      | Reached XP level 2. HP: 15/15 MP: 6/8
   848 | D:2      | Reached XP level 3. HP: 19/19 MP: 5/10
   874 | D:2      | Learned a level 3 spell: Dazzling Spray
  1012 | D:2      | Noticed Ijyb
  1030 | D:2      | Killed Ijyb
  1037 | D:2      | Noticed Terence
  1134 | D:2      | Reached XP level 4. HP: 15/24 MP: 8/12
  1194 | D:2      | Noticed Sigmund
  1319 | D:3      | Noticed Natasha
  1323 | D:3      | Killed Natasha
  1411 | D:3      | Learned a level 4 spell: Iskenderun's Mystic Blast
  1450 | D:3      | Reached skill level 5 in Conjurations
  1468 | D:2      | Slain by an orc wizard

Skill      XL: |  1  2  3  4 |
---------------+-------------+-----
Dodging        | 3 |  3.9
Stealth        | 3 |  3.4
Spellcasting   | 4 |  4.3
Conjurations   | 5 |  5.0

Action                   |  1- 3 |  4- 6 || total
-------------------------+-------+-------++-------
Melee: Spear             |     7 |    12 ||    19
 Cast: Magic Dart        |    70 |    40 ||   110
  Eat: Chunk             |       |     1 ||     1
Armor: Robe              |     1 |     2 ||     3
Dodge: Dodged            |     8 |     9 ||    17
